 Dungeon Crawl Stone Soup version 0.30.0-20-g3615ddf2f0 (webtiles) character file.

Game seed: 7024017924687587256

1339 qw the Cleaver (level 8, -2/51 HPs)
             Began as a Gargoyle Fighter on June 1, 2023.
             Slain by a boulder beetle (13 damage)
             ... on level 6 of the Dungeon.
             The game lasted 00:02:17 (5437 turns).

qw the Cleaver (Gargoyle Fighter)                   Turns: 5437, Time: 00:02:17

Health: -2/51      AC: 20    Str: 21    XL:     8   Next: 61%
Magic:  8/8        EV: 11    Int: 10    God:
Gold:   273        SH:  4    Dex:  9    Spells: 7/7 levels left

rFire   . . .        Y - +1 broad axe
rCold   + . .        c - +0 buckler
rNeg    + . .        p - +0 plate armour
rPois   inf          l - +2 hat
rElec   +            i - scarf {repulsion}
rCorr   .            x - +0 pair of gloves
SInv    .            (no boots)
Will    .....        w - amulet of the acrobat Stlth
                     s - +5 ring of evasion
HPRegen 0.28/turn    t - ring of protection from cold
MPRegen 0.11/turn

%: repel missiles, acrobat
@: no status effects
A: sickness immunity, AC +5, negative energy resistance 1, electricity
resistance, torment resistance 1, petrification resistance
a: no special abilities


You were on level 6 of the Dungeon.
You visited 2 branches of the dungeon, and saw 7 of its levels.

You collected 273 gold pieces.


Innate Abilities, Weirdness & Mutations

You are immune to sickness and miasma.
Your stone body is resilient. (AC +5)
You are immune to poison.
You resist negative energy. (rN+)
You are resistant to electric shocks. (rElec)
You are resistant to unholy torment.
You are immune to petrification.


   Skills:
 - Level 6.0 Fighting
 - Level 8.0 Axes
 + Level 4.5 Armour
 - Level 1.0 Dodging
 - Level 3.2 Shields


You had 7 spell levels left.
You didn't know any spells.
Your spell library was empty.

Inventory:

Hand Weapons
 a - a +0 war axe of flaming
 Y - a +1 broad axe (weapon)
Armour
 c - a +0 buckler (worn)
 i - a scarf of repulsion (worn)
 l - a +2 hat (worn)
 n - a +1 cloak
 p - a +0 plate armour (worn)
 x - a +0 pair of gloves (worn)
Jewellery
 o - a ring of fire
 s - a +5 ring of evasion (left hand)
 t - a ring of protection from cold (right hand)
 w - an amulet of the acrobat (around neck)
Scrolls
 q - a scroll of identify
Potions
 b - a potion of flight {unknown}
 d - a potion of might
 e - a potion of ambrosia {unknown}
 f - a potion of brilliance {unknown}
 h - a potion of lignification
 j - a potion of mutation {unknown}
 k - a potion of curing
 m - 2 potions of attraction
 r - a potion of haste
 u - a potion of cancellation
 A - a potion of magic {unknown}

Dungeon Overview and Level Annotations

Branches:
Dungeon (6/15)             Temple (1/1) D:5

Altars:
Cheibriados
Elyvilon
Fedhas
Gozag
Hepliaklqana
Kikubaaqudgha
Makhleb
Qazlal
Ru
Sif Muna
Trog
Uskayaw
Vehumet
Wu Jian
Xom
Zin
The Shining One

Shops:
D:4 *


Message History

You barely miss something.
You hear some strange, mumbled words.
A magic dart appears from out of thin air!
The magic dart hits you but does no damage.
The howler monkey hits you but does no damage.
You hear some strange, mumbled words.
A puff of flame appears from out of thin air!
The puff of flame hits you but does no damage.
The boulder beetle curls into a ball and begins rolling!
You slash the howler monkey!
The howler monkey is almost dead.
You slash something!
Reactivating autopickup.
You feel a bit more experienced.
The howler monkey hits you but does no damage.
You block the howler monkey's attack.
Your Fighting skill increases to level 6!
You slash the howler monkey!
You kill the howler monkey!
You barely miss the water moccasin.
The water moccasin bites you but does no damage.
The water moccasin barely misses you.
The boulder beetle hits you but does no damage.
The boulder beetle stops rolling and uncurls.
A scorpion comes into view.
You hit the boulder beetle but do no damage.
The boulder beetle is lightly wounded.
You slash the water moccasin! The water moccasin closely misses you.
You block the boulder beetle's attack.
The water moccasin bites you but does no damage.
You barely miss the water moccasin.
The water moccasin is moderately wounded.
You hit the boulder beetle but do no damage.
The water moccasin barely misses you.
The boulder beetle bites you but does no damage.
You barely miss the water moccasin.
The water moccasin is moderately wounded.
You hit the boulder beetle but do no damage.
You block the water moccasin's attack. The boulder beetle bites you!
You die...

#. #. ##.#. #. .
#.... .. ..
#...S#. .# #.s.#.
.# . #..#?..#h..
###..S#...#.
#...B@)#...#
#####.....%......
#..........##.##.
#.###......## #
#.# #..........
#.# #.####..... #
##.###.# #####
#.##...##.#
#.........#


You could see a boulder beetle, a water moccasin, a scorpion and a hound
(wandering).

Vanquished Creatures
  A water moccasin (D:5)
  2 black bears
  An ogre (D:6)
  2 centaurs
  A phantom (D:5)
  A bullfrog (D:5)
  A howler monkey (D:6)
  2 hounds
  3 jellies (D:5)
  A gnoll bouda (D:5)
  Jessica (D:3)
  2 iguanas (D:6)
  A sleepcap (D:6)
  3 orc wizards
  4 adders
  15 gnolls
  2 shadow imps
  A white imp (D:6)
  3 ufetubi (D:6)
  A worm (D:2)
  3 dart slugs
  6 orcs
  3 bats
  6 endoplasms
  2 giant cockroaches (D:1)
  5 goblins
  10 hobgoblins
  5 jackals (D:2)
  2 kobolds
  5 quokkas
  6 ball pythons
  3 frilled lizards
  6 rats
110 creatures vanquished.

Notes
Turn   | Place    | Note
-------+----------+-------------------------------------------
     0 | D:1      | qw the Gargoyle Fighter began the quest for the Orb.
     0 | D:1      | Reached XP level 1. HP: 14/14 MP: 1/1
     0 | D:1      | 0 ||| qw: Version: 0.2-a-102-gdf20003
     0 | D:1      | 0 ||| qw: Game counter: 750
     0 | D:1      | 0 ||| qw: Always use a shield: true
     0 | D:1      | 0 ||| qw: God list: Okawaru
     0 | D:1      | 0 ||| qw: Allow faded altars: false
     0 | D:1      | 0 ||| qw: Do Orc after D:15 true
     0 | D:1      | 0 ||| qw: Do second Lair branch before Depths: true
     0 | D:1      | 0 ||| qw: Lair rune preference: random
     0 | D:1      | 0 ||| qw: Plans: Normal, Zot:1-4, Slime:5, God:TSO, Crypt,
                  | Tomb, Pan, Hells, Abyss, Win
     0 | D:1      | 0 ||| PLANNING D:1-11
    69 | D:1      | Reached skill level 2 in Axes
   161 | D:1      | Reached XP level 2. HP: 19/19 MP: 2/2
   350 | D:1      | Reached skill level 3 in Axes
   350 | D:1      | Reached XP level 3. HP: 23/23 MP: 3/3
   735 | D:1      | 735 ||| UPGRADING to +0 chain mail.
   745 | D:1      | 745 ||| DROPPING +0 scale mail.
   746 | D:1      | 746 ||| UPGRADING to +1 hat.
   751 | D:1      | 751 ||| READING scroll labelled MOTUCU KUBO.
   752 | D:1      | 752 ||| DROPPING +0 whip.
   753 | D:1      | 753 ||| READING scroll labelled SEAXTYGRAM.
   754 | D:1      | 754 ||| READING scroll labelled CONOSU PEYT.
   755 | D:1      | 755 ||| READING scroll labelled MEUNEMEAMN.
   812 | D:2      | 812 ||| Stepping ~*~*~tactically~*~*~ (stealth).
   838 | D:2      | 838 ||| READING scroll of enchant armour.
   838 | D:2      | 838 ||| ENCHANTING +1 hat.
   842 | D:2      | 842 ||| Stepping ~*~*~tactically~*~*~ (stealth).
  1083 | D:2      | Reached XP level 4. HP: 28/28 MP: 4/4
  1119 | D:2      | 1119 ||| Stepping ~*~*~tactically~*~*~ (stealth).
  1204 | D:2      | Reached skill level 4 in Axes
  1671 | D:2      | 1671 ||| UPGRADING to scarf of repulsion.
  1676 | D:2      | 1676 ||| READING scroll labelled TAS DABUNI.
  1677 | D:2      | 1677 ||| DRINKING 2 puce potions.
  1773 | D:3      | 1773 ||| Stepping ~*~*~tactically~*~*~ (hiding).
  1852 | D:3      | Noticed Jessica
  1855 | D:3      | Killed Jessica
  1993 | D:3      | 1993 ||| Stepping ~*~*~tactically~*~*~ (stealth).
  2104 | D:3      | Found an ancient bone altar of Kikubaaqudgha.
  2258 | D:3      | Found a hide-covered altar of Uskayaw.
  2269 | D:3      | Found a hazy altar of Hepliaklqana.
  2332 | D:3      | 2332 ||| Stepping ~*~*~tactically~*~*~ (stealth).
  2333 | D:3      | 2333 ||| Stepping ~*~*~tactically~*~*~ (stealth).
  2673 | D:3      | Found a white marble altar of Elyvilon.
  2677 | D:3      | 2677 ||| UPGRADING to +5 ring of evasion.
  2678 | D:3      | 2678 ||| READING 2 scrolls labelled BAYSKUK FOBOOH.
  2779 | D:3      | 2779 ||| DRINKING 2 murky ruby potions.
  2780 | D:3      | 2780 ||| DRINKING 2 fizzy black potions.
  2781 | D:3      | 2781 ||| DROPPING potion of degeneration.
  2782 | D:3      | 2782 ||| DROPPING scroll of silence.
  2833 | D:4      | 2833 ||| Stepping ~*~*~tactically~*~*~ (hiding).
  2845 | D:4      | Reached XP level 5. HP: 21/32 MP: 5/5
  3003 | D:4      | 3003 ||| SWAPPING to +0 broad axe.
  3124 | D:4      | Found Filedu's Fabulous Fripperies.
  3154 | D:4      | 3154 ||| SHOPLISTING ring "Xuih" {Fly Will+} (391 gold,
                  | have 239).
  3170 | D:4      | 3170 ||| DRINKING 4 potions of curing.
  3170 | D:4      | 3170 ||| (to cure confusion)
  3172 | D:4      | 3172 ||| DRINKING 3 potions of curing.
  3172 | D:4      | 3172 ||| (to cure confusion)
  3177 | D:4      | Reached skill level 5 in Axes
  3519 | D:4      | 3519 ||| UPGRADING to +0 pair of gloves.
  3524 | D:4      | 3524 ||| UPGRADING to amulet of the acrobat.
  3529 | D:4      | 3529 ||| READING 2 scrolls labelled CIALUI NUSS.
  3532 | D:4      | 3532 ||| READING scroll labelled XASSYE FIUZ.
  3533 | D:4      | 3533 ||| DRINKING 2 viscous puce potions.
  3534 | D:4      | 3534 ||| DRINKING 2 coppery potions.
  3535 | D:4      | 3535 ||| DRINKING 2 fizzy dark potions.
  3567 | D:5      | Entered Level 5 of the Dungeon
  3571 | D:5      | 3571 ||| Stepping ~*~*~tactically~*~*~ (stealth).
  3576 | D:5      | Reached XP level 6. HP: 24/38 MP: 6/6
  3681 | D:5      | HP: 8/38 [gnoll/+0 halberd[a gnoll bouda] (9)]
  3682 | D:5      | 3682 ||| READING scroll of teleportation.
  3683 | D:5      | 3683 ||| DRINKING potion of heal wounds.
  3768 | D:5      | 3768 ||| Stepping ~*~*~tactically~*~*~ (hiding).
  3770 | D:5      | 3770 ||| Stepping ~*~*~tactically~*~*~ (hiding).
  3785 | D:5      | Found a sacrificial altar of Ru.
  3918 | D:5      | HP: 4/38 [gnoll/+0 flail[a gnoll bouda] (10)]
  3919 | D:5      | Reached skill level 6 in Axes
  3919 | D:5      | 3919 ||| DRINKING potion of heal wounds.
  4042 | D:5      | Reached skill level 1 in Dodging
  4068 | D:5      | Noticed a black bear
  4081 | D:5      | Killed a black bear
  4082 | D:5      | Reached XP level 7. HP: 15/43 MP: 7/7
  4292 | D:5      | Found a staircase to the Ecumenical Temple.
  4293 | D:5      | 4293 ||| PLANNING TEMPLE
  4293 | D:5      | 4293 ||| UPGRADING to ring of protection from cold.
  4294 | D:5      | 4294 ||| READING scroll labelled QUZOOJ ABRATY.
  4295 | D:5      | 4295 ||| READING scroll labelled XUOSTR UGHARUSH.
  4296 | D:5      | 4296 ||| READING scroll labelled KOCKIUFOAR.
  4297 | D:5      | 4297 ||| DROPPING potion of berserk rage.
  4303 | Temple   | Entered the Ecumenical Temple
  4340 | Temple   | 4340 ||| PLANNING D:1-11
  4398 | D:5      | Reached skill level 7 in Axes
  4427 | D:5      | 4427 ||| Stepping ~*~*~tactically~*~*~ (hiding).
  4754 | D:5      | Found a shimmering blue altar of Sif Muna.
  4918 | D:5      | Found a stormy altar of Qazlal.
  4919 | D:5      | Noticed a water elemental
  4920 | D:5      | Noticed a fire elemental
  4920 | D:5      | Noticed an air elemental
  5154 | D:5      | 5154 ||| UPGRADING to +0 plate armour.
  5164 | D:5      | 5164 ||| DROPPING +0 chain mail.
  5165 | D:5      | 5165 ||| DRINKING 2 white potions.
  5233 | D:6      | 5233 ||| STAIRDANCE
  5240 | D:5      | Reached XP level 8. HP: 44/49 MP: 8/8
  5288 | D:6      | Identified the +8 flail of Maffoem {heavy, Will+ Int+3
                  | Dex+3}
  5291 | D:6      | 5291 ||| Stepping ~*~*~tactically~*~*~ (hiding).
  5401 | D:6      | Noticed a boulder beetle
  5413 | D:6      | HP: 10/49 [sleepcap (3)]
  5414 | D:6      | 5414 ||| DRINKING potion of heal wounds.
  5423 | D:6      | Reached skill level 8 in Axes
  5423 | D:6      | 5423 ||| DRINKING 2 potions of curing.
  5423 | D:6      | 5423 ||| (to cure confusion)
  5427 | D:6      | HP: 7/49 [boulder beetle (11)]
  5434 | D:6      | Reached skill level 6 in Fighting
  5437 | D:6      | Slain by a boulder beetle

Levels and vault maps discovered:
D:1:      beargit_arrival_greenhouse, layout_basic
D:2:      layout_basic
D:3:      layout_basic, mainiacjoe_overflow_big_doors, marbit_many_paths,
          mainiacjoe_overflow_brackets, uniq_jessica
D:4:      layout_basic, nicolae_alphabet_shops
D:5:      layout_basic, nicolae_qazlal_style_of_elements,
          nicolae_sif_muna_little_library, old_standard_altar,
          minmay_temple_entry_wispy
D:6:      cheibrodos_fzero, layout_loops_ring, mainiacjoe_overflow_tiny_flanked,
          chequers_serial_rivers_room_a
Temple:   nicolae_temple_ecumenical_triangle

Skill      XL: |  1  2  3  4  5  6  7  8 |
---------------+-------------------------+-----
Axes           | 2 3 4 5 6 7 8 |  8.0
Fighting       | 4 5 6 |  6.0
Dodging        | 1 |  1.0
Armour         | 4 |  4.5
Shields        | |  3.2

Action                     |  1- 3 |  4- 6 |  7- 9 || total
---------------------------+-------+-------+-------++-------
  Melee: War axe           |   105 |    44 |       ||   149
         Broad axe         |       |   113 |    67 ||   180
    Use: Scroll            |     5 |     5 |     3 ||    13
         Potion            |       |    10 |     3 ||    13
 Armour: Scale mail        |    28 |       |       ||    28
         Chain mail        |    21 |    83 |    10 ||   114
         Plate armour      |       |       |    66 ||    66
  Dodge: Dodged            |    45 |   138 |    76 ||   259
         Repelled          |       |     1 |     1 ||     2
  Block: Buckler           |    21 |    45 |    34 ||   100

Table legend:
 A = Non-vault XP
 B = Vault XP
 C = Vault XP percentage of total XP
 D = Non-vault monster count
 E = Vault monster count
 F = Vault count percentage of total count
                 A         B        C        D         E       F
            +---------+---------+-------+---------+---------+-------
      Total |    1358 |     555 |  29.0 |      93 |      17 |  15.5
            +---------+---------+-------+---------+---------+-------
        D:1 |      41 |       0 |   0.0 |      19 |       0 |   0.0
        D:2 |      60 |       0 |   0.0 |      24 |       0 |   0.0
        D:3 |      20 |      38 |  65.5 |      10 |       2 |  16.7
        D:4 |     141 |       0 |   0.0 |      11 |       0 |   0.0
        D:5 |     988 |       0 |   0.0 |      28 |       0 |   0.0
        D:6 |     108 |     517 |  82.7 |       1 |      15 |  93.8
            +---------+---------+-------+---------+---------+-------
